AoeStats
← Reberner

Arabian Desert

508702120Analyzed
1v1 RM · 10d ago on Sep 23, 2026· 36m 1s· 2 players
Game mode
Random Map
Map size
Tiny (2 player)
Population
200
Speed
Normal
Resources
Standard
Victory
Conquest
Starting age
Dark Age
Ending age
Imperial Age
RankedLock teamsTeams togetherTeam positionsShared explorationLock speedFull tech treeHidden civsTurbo modeCheats
Victory
Defeat
🇭🇺 Danes · Hungary
1434
+18
🇫🇷 Danes · France
1487
-18
HarryMac_Roldi
6:52 Loom
9:05 Feudal Age
9:20 Man-at-Arms
11:19 Double-Bit Axe
19:18 Horse Collar
24:30 Castle Age
23:45 Gold Mining
23:47 Fletching
24:31 Crossbowman
25:18 Bodkin Arrow
30:00 Padded Archer Armor
Reberner
6:47 Loom
9:09 Feudal Age
9:24 Man-at-Arms
15:11 Fletching
16:33 Arson
18:44 Scale Mail Armor
22:31 Castle Age
21:46 Gold Mining
21:44 Double-Bit Axe
21:46 Horse Collar
22:34 Crossbowman
23:13 Bodkin Arrow
23:34 Bodkin Arrow
23:26 Crossbowman
31:08 Ballistics
34:59 Bow Saw
Connection lost

Rejoining the realm…

Still unreachable

The connection could not be restored.

Session expired

The server has moved on; the page needs a fresh start.